 Dungeon Crawl Stone Soup version 0.32-a0-427-g448f42529f (webtiles) character file.

Game seed: 10089508383819891989

41668 Gargoyl the Severer (level 14, -14/92 HPs)
             Began as a Gargoyle Berserker on Feb 22, 2024.
             Was a High Priest of Trog.
             Demolished by a boulder beetle simulacrum (34 damage)
             ... on level 4 of the Lair of Beasts.
             The game lasted 00:25:25 (15388 turns).

Gargoyl the Severer (Gargoyle Berserker)           Turns: 15388, Time: 00:25:26

Health: -14/92     AC: 28    Str: 25    XL:     14   Next: 16%
Magic:  14/14      EV: 18    Int:  8    God:    Trog [*****.]
Gold:   656        SH:  0    Dex: 12    Spells: 13/13 levels left

rFire   + . .        j - +1 broad axe (flame)
rCold   . . .        (no shield)
rNeg    + . .        k - +3 scale mail {rF+}
rPois   ∞            c - +0 helmet
rElec   +            (no cloak)
rCorr   .            d - +2 pair of gloves
SInv    +            s - +0 pair of boots
Will    +....        v - amulet of the acrobat
Stlth   +            b - +5 ring of evasion
HPRegen 0.35/turn    g - ring of see invisible
MPRegen 0.14/turn

%: acrobat
@: on berserk cooldown, flying, silenced
A: sickness immunity, AC +10, big wings, negative energy resistance 1,
electricity resistance, torment resistance 1, petrification resistance, strong
1, MP-powered wands
a: Renounce Religion


You were on level 4 of the Lair of Beasts.
You worshipped Trog.
Trog was extremely pleased with you.
You visited 2 branches of the dungeon, and saw 16 of its levels.

You collected 1046 gold pieces.
You spent 390 gold pieces at shops.

Inventory:

Hand Weapons
 j - a +1 broad axe of flaming (weapon)
 n - a +0 war axe
 r - a +1 heavy hand axe
Missiles
 f - 32 poisoned darts (quivered)
Armour
 c - a +0 helmet (worn)
 d - a +2 pair of gloves (worn)
 k - a +3 scale mail of fire resistance (worn)
 s - a +0 pair of boots (worn)
Jewellery
 b - a +5 ring of evasion (left hand)
 e - a ring of willpower
 g - a ring of see invisible (right hand)
 q - a +6 ring of strength
 v - an amulet of the acrobat (around neck)
 y - a ring of resist corrosion
Wands
 i - a wand of roots (17)
 t - a wand of flame (29)
 u - a wand of charming (6)
 D - a wand of acid (2)
 E - a wand of polymorph (13)
Scrolls
 h - 6 scrolls of teleportation
 m - a scroll of blinking
 o - 3 scrolls of fog
 p - 4 scrolls of revelation
 x - 2 scrolls of silence
 A - 3 scrolls of identify
 C - a scroll of enchant armour
 F - a scroll of fear {unknown}
 K - a scroll of vulnerability {unknown}
Potions
 a - 2 potions of heal wounds
 l - 3 potions of lignification
 w - 3 potions of enlightenment
 z - 3 potions of invisibility
 G - a potion of berserk rage
 H - a potion of mutation
 I - 2 potions of haste
Miscellaneous
 B - a phantom mirror
 J - a lightning rod (4/4)


   Skills:
 + Level 12.2 Fighting
 + Level 3.9 Long Blades
 + Level 15.4 Axes
 + Level 10.7 Armour
 + Level 7.9 Dodging
 + Level 3.6 Stealth


You had 13 spell levels left.
You didn't know any spells.
Your spell library was empty.

Dungeon Overview and Level Annotations

Branches:
Dungeon (11/15)            Temple (0/1) D:5            Lair (5/5) D:11
 Shoals (0/4) Lair:2        Snake (0/4) Lair:2        Slime (0/5) Lair:4
    Orc: D:9-12

Altars:
Ashenzari
Cheibriados
Dithmenos
Elyvilon
Fedhas
Hepliaklqana
Makhleb
Nemelex Xobeh
Okawaru
Ru
Sif Muna
Vehumet
Wu Jian
Xom
Yredelemnul

Shops:
D:6 :((((   D:11 =

Annotations:
D:9 1 runed translucent door
Lair:2 2 transporters, Kenran's ghost, journeyman CoGl
Lair:4 Bag Taf's ghost, journeyman SpEn


Innate Abilities, Weirdness & Mutations

You are immune to sickness and miasma.
Your stone body is resilient. (AC +10)
You are immune to poison.
Your large and strong wings let you fly.
You resist negative energy. (rN+)
You are resistant to electric shocks. (rElec)
You are resistant to unholy torment.
You are immune to petrification.
Your muscles are strong. (Str +4, Int/Dex -1)
You expend magic power (3 MP) to strengthen your wands.


Message History

The boulder beetle simulacrum completely misses you.
Unknown command.
You completely miss Bag Taf's ghost.
Bag Taf's ghost is severely damaged.
You hit the boulder beetle simulacrum but do no damage.
Bag Taf's ghost misses you.
The boulder beetle simulacrum bites you.
The boulder beetle simulacrum freezes you!
Bag Taf's ghost hits you but does no damage.
Your skin stops crawling.
You feel less strong-willed.
The boulder beetle simulacrum attacks as it pursues you!
The boulder beetle simulacrum barely misses you.
Bag Taf's ghost points at you and mumbles some strange words.
The ball explodes into a vile cloud!
The stinking cloud engulfs you but does no damage.
The stinking cloud engulfs the boulder beetle simulacrum but does no damage.
Bag Taf's ghost gestures wildly while chanting.
Bag Taf's ghost's surroundings become eerily quiet.
The boulder beetle simulacrum attacks as it pursues you!
The boulder beetle simulacrum completely misses you.
You hit the boulder beetle simulacrum but do no damage.
The boulder beetle simulacrum is lightly damaged.
You miss Bag Taf's ghost.
You feel yourself speed up.
The boulder beetle simulacrum barely misses you.
Bag Taf's ghost hits you but does no damage.
Unknown command.
You hit the boulder beetle simulacrum.
You melt the boulder beetle simulacrum.
The boulder beetle simulacrum is moderately damaged.
You closely miss Bag Taf's ghost.
The boulder beetle simulacrum bites you!
The boulder beetle simulacrum freezes you!!
* * * LOW HITPOINT WARNING * * *
Bag Taf's ghost hits you.
* * * LOW HITPOINT WARNING * * *
It was a potion of heal wounds.
You feel much better.
The boulder beetle simulacrum bites you.
* * * LOW HITPOINT WARNING * * *
The boulder beetle simulacrum freezes you!!
You die...

Z.# .$##...#..##......##..#
#.#.../#...'..##...<..##..#
#...=.?#..††...#......##.##
#Z...[##...'..##..#...#..##
#.....#....#..#.P.###.÷#..#
.....##....#....§°<......##
..Z###....##...§☼§........#
#Z.......##....WZ.§......##
# .....###......@§§......#
## #####.................#
.###....................(#
.........................#
..#P....#........##P##...##
..##.#........########....#
#.#P..........########...##
##......##....##.........#
..##...........##...###..##


You could see Bag Taf's ghost (silencing) and a boulder beetle simulacrum.

Vanquished Creatures
  7 hydras
  3 two-headed ogres
  9 death yaks
  2 skysharks
  A cyclops (D:11)
  4 black mambas
  8 cane toads
  3 rime drakes
  An unseen horror (D:11)
  Psyche (D:11)
  A kobold demonologist (D:11)
  12 komodo dragons
  A troll (D:10)
  3 hornets (Lair:3)
  A snapping turtle (Lair:2)
  19 blink frogs
  12 spriggans (Lair:3)
  A water elemental (Lair:2)
  A fire bat (D:9)
  2 basilisks
  A shadow (D:10)
  A steam dragon (D:7)
  15 yaks
  3 wyverns
  A death yak simulacrum (Lair:4)
  2 nagas (Lair:2)
  A hell hound (D:9)
  A sky beast (D:9)
  8 water moccasins
  A hydra simulacrum (Lair:4)
  A black bear (Lair:3)
  3 ice beasts
  3 boggarts (Lair:3)
  4 ogres
  27 wolves
  4 centaurs
  4 phantoms
  3 kobold brigands
  17 bullfrogs
  2 gnoll sergeants
  3 scorpions
  A water moccasin zombie (D:4)
  A cane toad simulacrum (Lair:4)
  3 wights (D:8)
  11 killer bees
  4 howler monkeys
  A bombardier beetle (D:5)
  4 hounds
  2 gnoll boudas
  A komodo dragon simulacrum (Lair:4)
  6 iguanas
  A bullfrog skeleton (D:4)
  2 jellies
  2 orc priests
  Jessica (D:2)
  A sleepcap (D:7)
  Terence (D:2)
  13 orc wizards
  A hound skeleton (D:4)
  6 adders
  26 gnolls
  3 shadow imps
  2 white imps
  An adder zombie (D:4)
  5 ribbon worms
  5 dart slugs
  16 orcs
  9 ball pythons
  5 bats
  8 endoplasms
  4 giant cockroaches
  7 goblins
  12 hobgoblins
  2 jackals (D:2)
  5 quokkas
  2 frilled lizards (D:1)
  28 kobolds
  8 rats
407 creatures vanquished.

Vanquished Creatures (collateral kills)
  A boulder beetle (D:11)
  Maggie (D:10)
  2 yaks (D:8)
  A naga (Lair:2)
  A black bear (D:11)
  A gnoll sergeant (D:8)
  A scorpion (D:11)
  A gnoll bouda (D:8)
  5 gnolls
14 creatures vanquished.

Vanquished Creatures (others)
  2 orc wizards
2 creatures vanquished.

Grand Total: 423 creatures vanquished

Notes
Turn   | Place    | Note
-------+----------+-------------------------------------------
     0 | D:1      | Gargoyl the Gargoyle Berserker began the quest for the Orb.
     0 | D:1      | Reached XP level 1. HP: 14/14 MP: 1/1
   100 | D:1      | Reached XP level 2. HP: 19/19 MP: 2/2
   105 | D:1      | Reached skill level 3 in Axes
   274 | D:1      | Reached XP level 3. HP: 24/24 MP: 3/3
   918 | D:2      | Reached ** piety under Trog
   974 | D:2      | Reached XP level 4. HP: 29/29 MP: 4/4
  1045 | D:2      | Noticed Terence
  1052 | D:2      | Killed Terence
  1212 | D:2      | Noticed Jessica
  1217 | D:2      | Killed Jessica
  1218 | D:2      | Reached skill level 4 in Axes
  1218 | D:2      | Reached XP level 5. HP: 33/33 MP: 5/5
  1500 | D:2      | Reached skill level 1 in Stealth
  1814 | D:3      | Reached XP level 6. HP: 22/38 MP: 6/6
  2431 | D:4      | Found a shadowy altar of Dithmenos.
  2441 | D:4      | Reached *** piety under Trog
  2442 | D:4      | Reached skill level 5 in Axes
  2555 | D:4      | Found a white marble altar of Elyvilon.
  2895 | D:4      | Reached XP level 7. HP: 42/44 MP: 7/7
  3197 | D:4      | Reached skill level 6 in Axes
  3443 | D:5      | Entered Level 5 of the Dungeon
  3448 | D:5      | Found a radiant altar of Vehumet.
  3483 | D:5      | Found a basalt altar of Yredelemnul.
  3556 | D:5      | Reached skill level 5 in Fighting
  3675 | D:5      | Reached XP level 8. HP: 37/49 MP: 8/8
  3731 | D:5      | Found an ornate altar of the Wu Jian Council.
  3732 | D:5      | Found a burning altar of Makhleb.
  3734 | D:5      | Found a broken altar of Ashenzari.
  3738 | D:5      | Found a shimmering blue altar of Sif Muna.
  3739 | D:5      | Found a hazy altar of Hepliaklqana.
  3797 | D:5      | Reached skill level 7 in Axes
  3926 | D:5      | Reached **** piety under Trog
  4126 | D:5      | Reached skill level 8 in Axes
  4277 | D:5      | Found a staircase to the Ecumenical Temple.
  4502 | D:6      | Reached XP level 9. HP: 55/55 MP: 9/9
  4549 | D:6      | Found an iron altar of Okawaru.
  4645 | D:6      | Found Tuichiyph's Weapon Shop.
  4691 | D:6      | Found Ritreps's Weapon Shoppe.
  4849 | D:6      | Found Jaahaups's Weapon Emporium.
  5043 | D:6      | Found Kemomuze's Book Boutique.
  5108 | D:6      | Reached skill level 9 in Axes
  5287 | D:6      | Reached skill level 5 in Armour
  5329 | D:6      | Found Jedwuoc's Antique Weapon Emporium.
  5657 | D:7      | Noticed a torpor snail
  5672 | D:7      | Found a snail-covered altar of Cheibriados.
  5672 | D:7      | Noticed a torpor snail
  5672 | D:7      | Noticed a torpor snail
  6052 | D:7      | Found a sacrificial altar of Ru.
  6247 | D:8      | Reached skill level 10 in Axes
  6247 | D:8      | Reached XP level 10. HP: 61/61 MP: 10/10
  6769 | D:8      | Found a blossoming altar of Fedhas.
  6896 | D:9      | Noticed a two-headed ogre
  6908 | D:9      | Killed a two-headed ogre
  7046 | D:9      | Noticed a two-headed ogre
  7058 | D:9      | Killed a two-headed ogre
  7109 | D:9      | Reached skill level 11 in Axes
  7127 | D:9      | Reached skill level 5 in Dodging
  7329 | D:9      | Noticed a five-headed hydra
  7329 | D:9      | Found a runed translucent door.
  7700 | D:9      | Found a shimmering altar of Xom.
  7877 | D:10     | Entered Level 10 of the Dungeon
  7886 | D:10     | Reached XP level 11. HP: 68/68 MP: 11/11
  8104 | D:10     | Noticed Maggie
  8131 | D:10     | Killed Maggie
  8456 | D:11     | Noticed a boulder beetle
  8470 | D:11     | Reached skill level 12 in Axes
  8489 | D:11     | Killed a boulder beetle
  8584 | D:11     | Noticed a cyclops
  8587 | D:11     | Noticed a two-headed ogre
  8784 | D:11     | Gained mutation: Your muscles are strong. (Str +4, Int/Dex
                  | -1) [potion of mutation]
  8784 | D:11     | Gained mutation: You expend magic power (3 MP) to
                  | strengthen your wands. [potion of mutation]
  8826 | D:11     | Noticed Psyche
  8841 | D:11     | Killed Psyche
  8992 | D:11     | Found a staircase to the Lair.
  9008 | D:11     | Killed a two-headed ogre
  9033 | D:11     | Killed a cyclops
  9144 | D:11     | Found Vyn Fowu's Jewellery Boutique.
  9195 | D:11     | Bought an amulet of the acrobat for 390 gold pieces
  9296 | D:11     | Found a sparkling altar of Nemelex Xobeh.
  9344 | Lair:1   | Entered Level 1 of the Lair of Beasts
  9697 | Lair:1   | Reached skill level 13 in Axes
  9705 | Lair:1   | Reached XP level 12. HP: 76/76 MP: 12/12
 10243 | Lair:2   | Noticed a seven-headed hydra
 10256 | Lair:2   | Killed a two-headed hydra
 10259 | Lair:2   | Found a transporter.
 10317 | Lair:2   | Noticed a seven-headed hydra
 10319 | Lair:2   | Noticed a death yak
 10374 | Lair:1   | Killed a one-headed hydra
 10566 | Lair:2   | Noticed a death yak
 10567 | Lair:2   | Noticed a death yak
 10567 | Lair:2   | Noticed a death yak
 10579 | Lair:2   | Killed a death yak
 10580 | Lair:2   | Reached skill level 1 in Long Blades
 10582 | Lair:2   | Killed a death yak
 10585 | Lair:2   | Killed a death yak
 10585 | Lair:2   | Killed a death yak
 10780 | Lair:2   | Reached skill level 10 in Fighting
 10805 | Lair:2   | Found a transporter.
 11217 | Lair:2   | Found a staircase to the Shoals.
 11259 | Lair:2   | Noticed a four-headed hydra
 11266 | Lair:2   | Killed a one-headed hydra
 11280 | Lair:2   | Reached skill level 14 in Axes
 11280 | Lair:2   | Found a staircase to the Snake Pit.
 11438 | Lair:2   | Noticed Kenran's ghost (journeyman CoGl)
 11637 | Lair:3   | Reached XP level 13. HP: 60/83 MP: 13/13
 12506 | Lair:3   | Reached skill level 10 in Armour
 14244 | Lair:4   | Reached ***** piety under Trog
 14559 | Lair:5   | Entered Level 5 of the Lair of Beasts
 14590 | Lair:4   | Noticed Bag Taf's ghost (journeyman SpEn)
 14725 | Lair:4   | Found a runed translucent gate.
 14725 | Lair:4   | Found a runed translucent gate.
 14725 | Lair:4   | Found a runed translucent gate.
 14818 | Lair:4   | Reached skill level 15 in Axes
 15025 | Lair:4   | Found a staircase to the Slime Pits.
 15037 | Lair:4   | Gained mutation: Your large and strong wings let you fly.
                  | [Gargoyle growth]
 15037 | Lair:4   | Reached XP level 14. HP: 91/91 MP: 14/14
 15388 | Lair:4   | Demolished by a boulder beetle simulacrum

Illustrated notes

Levels and vault maps discovered:
D:1:      lemuel_arrival_funnel, layout_basic
D:2:      minmay_diamond_boxcup, layout_basic, grunt_ministairs_9,
          minmay_box_of_dots, uniq_jessica, uniq_terence
D:3:      layout_loops_ring, cheibrodos_sewer_entry_bend
D:4:      layout_gridville, elyvilon_altar_3, nicolae_dithmenos_the_darkroom,
          serial_undead, serial_undead_b, serial_undead_c, serial_undead_b,
          serial_undead_e
D:5:      layout_gridville, mainiacjoe_overflow_boulevard, vehumet_crystals,
          grunt_temple_overflow_open, minmay_temple_entry_enclosed_plants,
          minmay_diced_spiral
D:6:      layout_basic, mainiacjoe_overflow_small_starburst, serial_shops,
          nicolae_shop_crystal, nicolae_shop_bloodbath_and_beyond,
          nicolae_square_shop, nicolae_shop_hallway_stairs, shop,
          minmay_a_box_with_orc_wizards_in_it
D:7:      layout_basic, nicolae_ru_the_path_less_chosen, cheibriados_altar_2
D:8:      layout_loops_ring, mainiacjoe_overflow_alcove_2
D:9:      layout_rooms, regret_index_xom_of_box, grunt_decor_one_mirror,
          hangedman_decor_riveting, hex_medium, minmay_st_funbox
D:10:     layout_rooms, uniq_maggie
D:11:     layout_rooms, grunt_lair_entry_orc_guard_hut, serial_shops,
          nicolae_shop_peninsula, nemelex_diamond_rough_becter, uniq_psyche
Lair:1:   layout_chaotic_city
Lair:2:   layout_regular_city, minmay_shoals_entry_hut,
          nicolae_snake_entry_squirm, gammafunk_ghost_hive, grunt_megastairs_4
Lair:3:   kb_forest_paths, layout_chaotic_city
Lair:4:   layout_regular_city, dpeg_slime_entry_enclosed, gammafunk_ghost_icy,
          grunt_megastairs_2
Lair:5:   minmay_lair_end_frog_pond, layout_hall_layers, lemuel_fruit_tree,
          lemuel_fruit_fields

Skill      XL: |  1  2  3  4  5  6  7  8  9 10 11 12 13 14 |
---------------+-------------------------------------------+-----
Axes           | 3 4 5 6 8 10 11 13 14 15 | 15.4
Dodging        | 2 3 4 5 7 |  7.9
Fighting       | 4 5 6 8 9 10 11 12 | 12.2
Stealth        | 1 2 3 |  3.6
Armour         | 3 4 5 6 8 9 10 | 10.7
Long Blades    | 2 3 |  3.9

Action                     |  1- 3 |  4- 6 |  7- 9 | 10-12 | 13-15 || total
---------------------------+-------+-------+-------+-------+-------++-------
  Melee: Hand axe          |    87 |   128 |       |   138 |   229 ||   582
         War axe           |       |    78 |   357 |   405 |       ||   840
         Falchion          |       |       |       |    17 |    35 ||    52
         Broad axe         |       |       |       |       |   176 ||   176
  Throw: Dart              |       |       |       |     1 |       ||     1
 Invoke: Berserk           |       |     5 |     9 |    15 |     5 ||    34
         Trog's Hand       |       |       |     1 |    12 |     1 ||    14
         Brothers in Arms  |       |       |     1 |     4 |       ||     5
    Use: Scroll            |       |    10 |     3 |    11 |     2 ||    26
         Potion            |       |       |       |     1 |     4 ||     5
   Stab: Distracted        |       |       |       |     1 |       ||     1
 Armour: Animal skin       |    49 |     3 |       |       |       ||    52
         Scale mail        |       |   113 |   221 |   515 |   314 ||  1163
         Skin              |       |       |       |     9 |       ||     9
  Dodge: Dodged            |    62 |   163 |   327 |   833 |   410 ||  1795

Table legend: (Time is in decaauts)
 A = Elapsed time spent in this place.
 B = Non-inter-level travel time spent in this place.
 C = Inter-level travel time spent in this place.
 D = Time resting spent in this place.
 E = Time spent auto-exploring this place.
 F = Levels seen in this place.
 G = Mean time per level.
                   A        B        C        D        E       F      G
               +--------+--------+--------+--------+--------+-----+--------+
         Total |  15713 |  15096 |    617 |   1334 |  10104 |  16 |  982.1 |
       Dungeon |   9674 |   9289 |    385 |    522 |   6330 |  11 |  879.5 |
          Lair |   6038 |   5806 |    232 |    811 |   3774 |   5 | 1207.6 |
               +--------+--------+--------+--------+--------+-----+--------+

Top non-repeatable levels by time:
  Lair:3: 2239 daAuts
  Lair:4: 1393 daAuts
  Lair:2: 1331 daAuts
     D:5: 1086 daAuts
     D:4: 1054 daAuts
  Lair:1: 1052 daAuts
     D:6: 1024 daAuts
    D:11: 971 daAuts
     D:9: 923 daAuts
     D:3: 889 daAuts
     D:8: 867 daAuts
     D:1: 805 daAuts
     D:2: 802 daAuts
     D:7: 640 daAuts
    D:10: 609 daAuts
